 Dungeon Crawl Stone Soup version 0.27.1-3-gb3d3a73c9e (webtiles) character file.

Game seed: 6974316804473139029

214 Urokeeper the Skirmisher (level 6, -2/51 HPs)
             Began as a Human Brigand on Oct 7, 2021.
             Slain by a mummy (3 damage)
             ... on level 4 of the Dungeon.
             The game lasted 00:10:43 (4277 turns).

Urokeeper the Skirmisher (Human Brigand)            Turns: 4277, Time: 00:10:43

Health: -2/51      AC: 11    Str: 19    XL:     6   Next: 15%
Magic:  6/6        EV:  5    Int: 12    God:
Gold:   176        SH:  0    Dex: 14    Spells: 5/5 levels left

rFire    . . .     SeeInvis .   v - +1 dagger (vamp)
rCold    . . .     Faith    .   (no shield)
rNeg     . . .     Spirit   .   l - +0 plate armour
rPois    .         Reflect  .   p - +1 hat
rElec    .         Harm     .   (no cloak)
rCorr    .         Rampage  .   (no gloves)
Will     .....                  (no boots)
Stlth    ..........             (no amulet)
HPRegen  0.17/turn              j - +6 ring of strength
MPRegen  0.10/turn              (no ring)

@: no status effects
A: no striking features
a: no special abilities


You were on level 4 of the Dungeon.
You visited 1 branch of the dungeon, and saw 4 of its levels.
You also visited: Ossuary.

You collected 176 gold pieces.

Inventory:

Hand Weapons
 a - a +2 dagger
 g - a +0 falchion
 q - a +1 dagger of venom
 t - a +0 spear
 v - a +1 vampiric dagger (weapon)
Missiles
 d - 27 poisoned darts
 e - a curare-tipped dart (quivered)
 o - 6 boomerangs
Armour
 b - a +0 robe
 c - a +0 cloak
 f - a +0 ring mail
 l - a +0 plate armour (worn)
 p - a +1 hat (worn)
Jewellery
 j - a +6 ring of strength (left hand)
Scrolls
 h - a scroll of blinking {unknown}
 m - a scroll of vulnerability {unknown}
 u - 2 scrolls of torment
Potions
 k - a potion of resistance
 n - a potion of ambrosia {unknown}
 s - a potion of might {unknown}


   Skills:
 - Level 5.5 Fighting
 - Level 2.0 Short Blades
 - Level 2.0 Throwing
 * Level 1.9 Armour
 - Level 1.0 Dodging
 - Level 4.0 Stealth


You had 5 spell levels left.
You didn't know any spells.
Your spell library contained the following spells:

 Spells                   Type           Power      Damage    Failure   Level
 Call Canine Familiar     Summ           0%         N/A       100%        3
 Portal Projectile        Hex/Tloc       0%         N/A       100%        3
 Leda's Liquefaction      Hex/Erth       0%         N/A       100%        4


Dungeon Overview and Level Annotations

Branches:
Dungeon (4/15)             Temple (0/1) D:4         Ossuary (visited)

Altars:


Message History

The hobgoblin zombie hits you but does no damage.
The hobgoblin zombie hits you.
There is a gate leading back out of this place here.
You hit the hobgoblin zombie.
The hobgoblin zombie is severely damaged.
The mummy hits you!
* * * LOW HITPOINT WARNING * * *
The hobgoblin zombie barely misses you. The mummy barely misses you.
Welcome back to the Dungeon!
You hear the sound of rushing water.
There is an entrance to a sewer on this level.
Hurry and find it before the portal rusts away!
You hear the rapid rusting of a drain nearby.
There is a collapsed entrance here.
The mummy hits you.
* * * LOW HITPOINT WARNING * * *
You hit the mummy.
The mummy is moderately damaged.
You closely miss the mummy.
The mummy is moderately damaged.
The mummy hits you.
* * * LOW HITPOINT WARNING * * *
You hit the mummy.
The mummy is lightly damaged.
You hit the mummy.
The mummy is moderately damaged.
The mummy hits you but does no damage.
You hit the mummy but do no damage.
The mummy is moderately damaged.
You hit the mummy.
The mummy is heavily damaged.
The mummy barely misses you.
You hit the mummy.
The mummy is heavily damaged.
Your plate armour prevents you from hitting the mummy.
The mummy is heavily damaged.
The mummy hits you.
* * * LOW HITPOINT WARNING * * *
Unknown command.
It was a potion of magic.
Magic courses through your body. The mummy hits you.
You die...

,,,,***** *,,,* ,,,,,*,,**
#...# *,#..,,,,* #...#
*.#...,,,* #...# *.....*,** ###
#...# ......##* ##8## #..)#
#......# #...# #...#
#..#...#####...###|..#
#.........##..MM@∩...#
#.##.......#...###...###
......#...##...# #.....###*
...#.##..####8## #........**
.........# ### #........,*
.....#..## #........,****
.###.#..### #........,*,,*
..#.......# #........,,,,*
#....#...#########........,,,**


You could see 2 mummies.

Vanquished Creatures
  A hound (D:4)
  An iguana (D:4)
  3 gnolls (D:3)
  6 adders
  2 worms
  8 orcs
  A ball python (D:3)
  3 endoplasms
  3 giant cockroaches
  3 goblins
  8 hobgoblins
  3 jackals (D:3)
  3 quokkas
  6 bats
  2 frilled lizards
  4 kobolds (D:3)
  3 orc zombies (Ossuary)
  8 rats
68 creatures vanquished.

Notes
Turn   | Place    | Note
-------+----------+-------------------------------------------
     0 | D:1      | Urokeeper the Human Brigand began the quest for the Orb.
     0 | D:1      | Reached XP level 1. HP: 16/16 MP: 1/1
    67 | D:1      | Found a faded altar of an unknown god.
   819 | D:2      | Reached skill level 3 in Fighting
   819 | D:2      | Reached XP level 2. HP: 13/24 MP: 2/2
  1252 | D:2      | Reached XP level 3. HP: 24/29 MP: 3/3
  1678 | D:2      | Reached skill level 4 in Fighting
  1678 | D:2      | Reached XP level 4. HP: 31/37 MP: 4/4
  2725 | D:3      | Reached XP level 5. HP: 42/43 MP: 5/5
  3069 | D:3      | Reached skill level 5 in Fighting
  4018 | D:4      | Reached skill level 1 in Armour
  4018 | D:4      | Reached XP level 6. HP: 35/51 MP: 6/6
  4215 | D:4      | Found a sand-covered staircase.
  4223 | Ossuary  | Entered an ossuary
  4276 | D:4      | HP: 1/51 [mummy (3)]
  4277 | D:4      | Slain by a mummy

Illustrated notes

Levels and vault maps discovered:
D:1:      wander_arrival_estate, layout_basic,
          shapermc_ecumenical_altar_starsandcircs, grunt_decor_fettered,
          minmay_stone_trees_medium
D:2:      layout_loops_corners, kennysheep_another_room
D:3:      layout_loops_ring, kennysheep_generic_room_10
D:4:      layout_cave_pools, temple_hall, gup_sewer_entry_bowl,
          chequers_ossuary_entry_cave

Skill      XL: |  1  2  3  4  5 |
---------------+----------------+-----
Fighting       | 3 4 5 |  5.5
Armour         | 1 |  1.9
Short Blades   | |  2.0
Throwing       | |  2.0
Dodging        | |  1.0
Stealth        | |  4.0

Action                   |  1- 3 |  4- 6 || total
-------------------------+-------+-------++-------
Melee: Falchion          |    62 |   104 ||   166
       Dagger            |    12 |    97 ||   109
Throw: Dart              |       |     4 ||     4
  Use: Scroll            |       |     4 ||     4
       Potion            |       |     2 ||     2
 Stab: Sleeping          |     4 |     1 ||     5
Armor: Ring mail         |    30 |    64 ||    94
       Robe              |     2 |       ||     2
       Plate armour      |       |    78 ||    78
Dodge: Dodged            |    48 |    91 ||   139
       Rpst.: Falchion   |    15 |    22 ||    37
